 Dungeon Crawl Stone Soup version 0.28-a0-750-g7c675f85b1 (webtiles) character file.

Game seed: 16722699999521838565

59 KoroneIsBestGirl the Chiller (level 4, -1/30 HPs)
             Began as a Barachi Ice Elementalist on Oct 29, 2021.
             Killed from afar by an orc wizard (13 damage)
             ... with a puff of flame
             ... on level 3 of the Dungeon.
             The game lasted 00:04:15 (2316 turns).

KoroneIsBestGirl the Chiller (BaIE)                 Turns: 2316, Time: 00:04:16

Health: -1/30      AC:  3    Str:  9    XL:     4   Next: 3%
Magic:  2/8        EV: 13    Int: 16    God:
Gold:   82         SH:  0    Dex: 13    Spells: 2/9 levels left

rFire   . . .      SeeInvis .   d - +0 falchion
rCold   . . .      Faith    .   (no shield)
rNeg    . . .      Spirit   .   a - +0 robe
rPois   .          Reflect  .   (no helmet)
rElec   .          Harm     .   (no cloak)
rCorr   .          Rampage  .   (no gloves)
Will    .....                   k - +0 pair of boots
Stlth   +.........              (no amulet)
HPRegen 0.10/turn               n - ring of flight
MPRegen 0.11/turn               (no ring)

@: confused, freezing walls, flying, slow
A: amphibious, slowness 1, strong legs 1, +LOS
a: Hop


You were on level 3 of the Dungeon.
You visited 1 branch of the dungeon, and saw 3 of its levels.

You collected 82 gold pieces.

Inventory:

Hand Weapons
 d - a +0 falchion (weapon)
Armour
 a - a +0 robe (worn)
 k - a +0 pair of boots (worn)
Jewellery
 n - a ring of flight (left hand)
Scrolls
 c - a scroll of teleportation {unknown}
 e - 4 scrolls of identify {unknown}
 f - a scroll of vulnerability {unknown}
 g - a scroll of immolation {unknown}
 h - a scroll of summoning {unknown}
 l - a scroll of fog {unknown}
 m - 2 scrolls of torment {unknown}
Potions
 b - 3 potions of mutation {unknown}
 i - a potion of degeneration {unknown}
 j - a potion of might {unknown}


   Skills:
 + Level 3.2 Dodging
 - Level 1.7 Stealth
 + Level 3.0 Spellcasting
 + Level 5.4 Ice Magic


You had 2 spell levels left.
You knew the following spells:

 Your Spells              Type           Power      Damage    Failure   Level
a - Freeze                Ice            76%        1d9       1%          1
b - Frozen Ramparts       Ice            38%        1d5       6%          3
c - Ozocubu's Armour      Ice            19%        N/A       6%          3

Your spell library contained the following spells:

 Spells                   Type           Power      Damage    Failure   Level
 Inner Flame              Hex/Fire       2%         N/A       50%         3
 Hailstorm                Conj/Ice       11%        3d5       52%         4
 Ice Form                 Ice/Tmut       11%        N/A       52%         4
 Simulacrum               Ice/Necr       5%         N/A       100%        6
 Statue Form              Tmut/Erth      1%         N/A       100%        6
 Ignition                 Fire           1%         3d3       100%        8


Dungeon Overview and Level Annotations

Branches:
Dungeon (3/15)

Altars:

Shops:
D:1 *=([(

Annotations:
D:3 Ijyb


Innate Abilities, Weirdness & Mutations

You are amphibious.
You cover ground slowly.
You can hop short distances.
You have an extended range of vision and can be seen from far away.


Message History

You can't see any susceptible monsters within range! (Use Z to cast anyway.)
You freeze the quokka.
The quokka is severely wounded.
The quokka closely misses you.
You freeze the quokka.
You kill the quokka!
An orc wizard comes into view. It is wielding a +0 dagger.
You have reached level 4!
You feel agile.
You freeze the ball python.
You kill the ball python!
The orc wizard casts a spell.
The orc wizard flickers and vanishes!
Deactivating autopickup; reactivate with Ctrl-A.
You can't see any susceptible monsters within range! (Use Z to cast anyway.)
You can't see any susceptible monsters within range! (Use Z to cast anyway.) No target in view!
No target in view!
A puff of flame appears from out of thin air!
The puff of flame hits you.
A magic dart appears from out of thin air!
The magic dart hits you.
A puff of flame appears from out of thin air!
The puff of flame misses you.
A magic dart appears from out of thin air!
The magic dart hits you!
Ijyb the Twisted Goblin comes into view.
She is wielding a +0 dagger, wearing a +2 scale mail of poison resistance and carrying a wand of iceblast (9).
Found 9 gold pieces.
Casting: Freeze (safe; 1% risk of failure)
Confirm with . or Enter, or press ? or * to list all spells.
Casting: Frozen Ramparts (dangerous; 6% risk of failure)
Press: ? - help, Dir - look around, f - activate A rock wall.
The walls around you are covered in ice.
Unknown command.
You hear some strange, mumbled words.
You are confused.
A puff of flame appears from out of thin air!
The puff of flame hits you!
You die...

.8g.# ....+ .# 8..#
..# ...## .. 8..#..
... . #.#.#
#########.#.##
........@....#
$####..##.#..#
###.##..{.......#
.......†.....#..####
###..###..###.#....###
#..###..##.###......
#...........#....##
#...######.....###
#...# #.....#


There were no monsters in sight!

Vanquished Creatures
  An adder (D:2)
  A worm (D:2)
  A dart slug (D:1)
  3 ball pythons
  5 bats
  5 endoplasms
  2 giant cockroaches (D:2)
  3 goblins
  4 hobgoblins
  4 jackals (D:1)
  5 quokkas
  2 frilled lizards (D:2)
  2 kobolds
  2 rats
40 creatures vanquished.

Notes
Turn   | Place    | Note
-------+----------+-------------------------------------------
     0 | D:1      | KoroneIsBestGirl the Barachi Ice Elementalist began the
                  | quest for the Orb.
     0 | D:1      | Reached XP level 1. HP: 13/13 MP: 3/3
    59 | D:1      | Found Xinkorep's Weapon Emporium.
   147 | D:1      | Reached skill level 5 in Ice Magic
   147 | D:1      | Reached XP level 2. HP: 9/19 MP: 1/5
   422 | D:1      | Found Ewkuedoe's Armour Emporium.
   783 | D:1      | Found Cub Addy's Assorted Antiques.
   856 | D:1      | Found Liemet's Antique Weapon Boutique.
   898 | D:1      | Found Qicy's Jewellery Emporium.
   922 | D:1      | Reached XP level 3. HP: 15/24 MP: 0/7
   926 | D:1      | Learned a level 3 spell: Frozen Ramparts
  1363 | D:2      | Learned a level 3 spell: Ozocubu's Armour
  1755 | D:2      | Got the Almanac of the Arsonist and the Mountains
  2304 | D:3      | Reached XP level 4. HP: 30/30 MP: 5/8
  2312 | D:3      | Noticed Ijyb
  2316 | D:3      | Killed from afar by an orc wizard

Illustrated notes

Levels and vault maps discovered:
D:1:      minmay_arrival_hallway, layout_basic, serial_shops, shop, shop_statue,
          nicolae_shop_window_shopping, shop, nicolae_shop_crystal
D:2:      minmay_alternating_diamond, layout_basic, minmay_octomino_j4
D:3:      layout_loops_cross, zin_statuary, dreamdust_ecumenical_altar_statues,
          uniq_ijyb

Skill      XL: |  1  2  3 |
---------------+----------+-----
Ice Magic      | 5 |  5.4
Dodging        | 3 |  3.2
Spellcasting   | 3 |  3.0
Stealth        | |  1.7

Action                   |  1- 3 |  4- 6 || total
-------------------------+-------+-------++-------
Melee: Unarmed           |    15 |       ||    15
       Falchion          |    14 |       ||    14
 Cast: Freeze            |    59 |     1 ||    60
       Frozen Ramparts   |       |     1 ||     1
 Abil: Hop               |     1 |       ||     1
 Stab: Sleeping          |     1 |       ||     1
Armor: Robe              |    13 |       ||    13
Dodge: Dodged            |    52 |     1 ||    53

Table legend: (Time is in decaauts)
 A = Elapsed time spent in this place.
 B = Non-inter-level travel time spent in this place.
 C = Inter-level travel time spent in this place.
 D = Time resting spent in this place.
 E = Time spent auto-exploring this place.
 F = Levels seen in this place.
 G = Mean time per level.
                   A        B        C        D        E       F      G
               +--------+--------+--------+--------+--------+-----+--------+
         Total |   2532 |   2499 |     33 |      0 |   2131 |   3 |  844.0 |
       Dungeon |   2532 |   2499 |     33 |      0 |   2131 |   3 |  844.0 |
               +--------+--------+--------+--------+--------+-----+--------+

Top non-repeatable levels by time:
     D:1: 1428 daAuts
     D:2: 764 daAuts
     D:3: 339 daAuts
